 Dungeon Crawl Stone Soup version 0.31-a0-654-gbe3e110b4e (webtiles) character file.

Game seed: 7935673503987219981

4650 inmateoo the Fighter (level 10, -3/107 HPs)
             Began as an Ogre Gladiator on Aug 29, 2023.
             Was an Elder of Cheibriados.
             Slain by an orc warrior
             ... wielding a +0 glaive
              (11 damage)
             ... on level 9 of the Dungeon.
             The game lasted 00:09:00 (8007 turns).

inmateoo the Fighter (Ogre Gladiator)               Turns: 8007, Time: 00:09:01

Health: -3/107     AC:  6    Str: 34    XL:     10   Next: 43%
Magic:  17/17      EV: 18    Int: 19    God:    Cheibriados [****..]
Gold:   76         SH:  5    Dex: 20    Spells: 12/19 levels left

rFire   . . .        a - +1 war axe (protect)
rCold   . . .        (no shield)
rNeg    . . .        w - +0 steam dragon scales
rPois   .            c - +0 hat
rElec   .            (no cloak)
rCorr   +            (gloves unavailable)
SInv    .            (boots unavailable)
Will    +....        n - amulet of reflection
Stlth   ++           u - +5 ring of evasion
HPRegen 0.37/turn    l - ring of resist corrosion
MPRegen 0.15/turn

%: reflection
@: slowed, very slow
A: large, unfitting armour, tough skin 1
a: Renounce Religion, Bend Time, Temporal Distortion, Slouch


You were on level 9 of the Dungeon.
You worshipped Cheibriados.
Cheibriados was greatly pleased with you.
You visited 1 branch of the dungeon, and saw 9 of its levels.

You collected 373 gold pieces.
You spent 297 gold pieces at shops.

Inventory:

Hand Weapons
 a - a +1 war axe of protection (weapon)
Missiles
 d - 5 throwing nets (quivered)
 e - a large rock
 p - 12 poisoned darts
 s - 5 javelins
Armour
 c - a +0 hat (worn)
 w - +0 steam dragon scales (worn)
Jewellery
 f - a ring of positive energy
 h - a ring of magical power
 l - a ring of resist corrosion (right hand)
 n - an amulet of reflection (around neck)
 u - a +5 ring of evasion (left hand)
Wands
 b - a wand of flame (21)
 g - a wand of paralysis (17)
 k - a wand of iceblast (9)
 y - a wand of polymorph (9)
 C - a wand of mindburst (1)
Scrolls
 o - a scroll of enchant armour {unknown}
 q - 3 scrolls of fear
 v - 2 scrolls of amnesia
 x - 2 scrolls of identify
 z - a scroll of revelation {unknown}
Potions
 i - a potion of cancellation
 j - 2 potions of brilliance
 m - 4 potions of curing
 r - 2 potions of attraction
 t - a potion of resistance
 A - a potion of mutation {unknown}
 B - a potion of might {unknown}


   Skills:
 + Level 9.5 Fighting
 - Level 3.7 Axes
 - Level 2.0 Throwing
 + Level 5.3 Dodging
 + Level 6.1 Unarmed Combat
 - Level 5.0 Spellcasting
 * Level 4.8 Transmutations
 + Level 3.1 Earth Magic
 - Level 6.0 Invocations


You had 12 spell levels left.
You knew the following spells:

 Your Spells              Type           Power      Damage    Failure   Level
a - Passwall              Tmut/Erth      16%        N/A       3%          2
b - Blink                 Tloc           8%         N/A       19%         2
c - Stone Arrow           Conj/Erth      20%        3d8       19%         3

Your spell library contained the following spells:

 Spells                   Type           Power      Damage    Failure   Level
 Sandblast                Erth           32%        2d9       3%          1
 Magic Dart               Conj           16%        1d3       12%         1
 Lesser Beckoning         Tloc           8%         N/A       19%         2
 Momentum Strike          Conj/Tloc      8%         3d8       19%         2
 Searing Ray              Conj           8%         2d4       19%         2
 Hailstorm                Conj/Ice       4%         3d4       36%         3
 Cause Fear               Hex            2%         N/A       77%         4
 Fulminant Prism          Conj/Hex       2%         3d5       77%         4
 Summon Ice Beast         Ice/Summ       4%         N/A       77%         4
 Fireball                 Conj/Fire      2%         3d4       98%         5
 Simulacrum               Ice/Necr       2%         N/A       100%        6
 Dragon's Call            Summ           2%         N/A       100%        9


Dungeon Overview and Level Annotations

Branches:
Dungeon (9/15)             Temple (0/1) D:7
   Lair: D:8-11         Orc: D:9-12

Altars:
Ashenzari
Cheibriados
Qazlal
Sif Muna
Uskayaw

Shops:
D:7 [((?*

Annotations:
D:7 1 runed translucent door, gruber's ghost, novice TrSh


Innate Abilities, Weirdness & Mutations

You are too large for most types of armour.
You have tough skin. (AC +1)


Message History

You closely miss the orc warrior. You slash the orc priest!
You kill the orc priest!
Cheibriados appreciates the change of pace.
You slash the orc wizard!
You kill the orc wizard!
Cheibriados appreciates the change of pace.
The orc warrior hits you with a +0 glaive!
* * * LOW HITPOINT WARNING * * *
The orc warrior hits you with a +0 glaive.
* * * LOW HITPOINT WARNING * * *
You block the wraith's attack.
You hit the orc warrior.
The orc warrior is lightly wounded.
You barely miss the wraith.
The orc warrior hits you with a +0 glaive.
* * * LOW HITPOINT WARNING * * *
The wraith hits you.
* * * LOW HITPOINT WARNING * * *
The wraith drains your vigour!
You feel yourself slow down.
You feel better.
The orc warrior hits you with a +0 glaive!
* * * LOW HITPOINT WARNING * * *
The wraith hits you but does no damage.
The orc warrior hits you with a +0 glaive!
* * * LOW HITPOINT WARNING * * *
Aiming: Paralyse
Press: ? - help, Shift-Dir - straight line, f/p - orc warrior
Aim: an orc warrior, wielding a +0 glaive and wearing a +0 plate armour (lightly wounded, chance to affect: 49%)
The orc warrior resists with some effort.
The wraith closely misses you.
The orc warrior hits you with a +0 glaive.
* * * LOW HITPOINT WARNING * * *
The wraith misses you.
Unknown command.
Aiming: Paralyse
Press: ? - help, Shift-Dir - straight line, f/p - orc warrior
Aim: an orc warrior, wielding a +0 glaive and wearing a +0 plate armour (lightly wounded, chance to affect: 49%)
The orc warrior resists with some effort.
The orc warrior hits you with a +0 glaive!
You die...

................######
#.... #.....[....#
#.... ####...#...##
###....###.............
..........#.###.......
#.................###
#................##
#.#....W.#.###.#...#
#.....o@)#..# .#.>.#
###......##..... .#
.........# ...... #
......<.## .......
)......## .$...^
....... ..#### #######


You could see a wraith and an orc warrior.

Vanquished Creatures
  A vampire (D:9)
  6 yaks
  3 steam dragons
  2 water moccasins
  4 orc warriors
  2 black bears
  2 ice beasts
  A sky beast (D:4)
  3 ogres
  3 centaurs
  4 bullfrogs
  3 scorpions
  6 killer bees (D:8)
  3 hounds
  2 orc priests
  2 jellies
  3 gnoll boudas
  2 sleepcaps (D:5)
  Jessica (D:3)
  Natasha (thrice) (D:3)
  3 iguanas
  6 orc wizards
  Robin (D:3)
  11 gnolls
  7 adders
  2 shadow imps
  2 white imps
  2 ufetubi (D:6)
  2 worms
  5 dart slugs
  27 orcs
  3 ball pythons
  4 bats
  5 endoplasms
  5 giant cockroaches
  12 goblins
  7 hobgoblins
  10 jackals
  2 quokkas
  3 frilled lizards (D:2)
  9 kobolds
  2 rats
186 creatures vanquished.

Notes
Turn   | Place    | Note
-------+----------+-------------------------------------------
     0 | D:1      | inmateoo the Ogre Gladiator began the quest for the Orb.
     0 | D:1      | Reached XP level 1. HP: 22/22 MP: 1/1
   117 | D:1      | Reached skill level 3 in Fighting
   117 | D:1      | Reached XP level 2. HP: 23/31 MP: 2/2
   221 | D:1      | Reached XP level 3. HP: 28/37 MP: 3/3
   828 | D:2      | Reached XP level 4. HP: 40/48 MP: 4/4
   833 | D:2      | Reached skill level 4 in Fighting
  1026 | D:2      | Found a stormy altar of Qazlal.
  1388 | D:3      | Found a snail-covered altar of Cheibriados.
  1449 | D:3      | Noticed a +0 dagger
  1450 | D:3      | Found a hide-covered altar of Uskayaw.
  1450 | D:3      | Noticed a +0 hand axe
  1485 | D:3      | Became a worshipper of Cheibriados the Contemplative
  1540 | D:3      | Noticed Natasha
  1549 | D:3      | Killed Natasha
  1640 | D:3      | Noticed Natasha
  1649 | D:3      | Killed Natasha
  1650 | D:3      | Reached skill level 1 in Spellcasting
  1650 | D:3      | Reached XP level 5. HP: 46/55 MP: 6/6
  1723 | D:3      | Noticed Jessica
  1731 | D:3      | Killed Jessica
  1732 | D:3      | Reached skill level 1 in Unarmed Combat
  1739 | D:3      | Found a shimmering blue altar of Sif Muna.
  1818 | D:3      | Noticed Robin
  1825 | D:3      | Noticed Natasha
  1841 | D:3      | Killed Robin
  1849 | D:3      | Killed Natasha
  1850 | D:3      | Reached * piety under Cheibriados
  2204 | D:3      | Reached XP level 6. HP: 52/65 MP: 8/8
  2350 | D:4      | Reached skill level 5 in Fighting
  2661 | D:4      | Noticed a sky beast
  2666 | D:4      | Killed a sky beast
  2755 | D:4      | Reached ** piety under Cheibriados
  2975 | D:4      | Reached XP level 7. HP: 32/74 MP: 10/12
  3196 | D:5      | Entered Level 5 of the Dungeon
  3223 | D:5      | Reached skill level 6 in Fighting
  3504 | D:5      | Reached skill level 7 in Fighting
  3504 | D:5      | Reached XP level 8. HP: 67/87 MP: 14/14
  3951 | D:5      | Reached skill level 1 in Invocations
  4282 | D:6      | Reached skill level 5 in Spellcasting
  4548 | D:6      | Reached skill level 8 in Fighting
  4940 | D:6      | Reached skill level 5 in Unarmed Combat
  5114 | D:6      | Reached XP level 9. HP: 96/96 MP: 16/16
  5120 | D:6      | Reached skill level 5 in Invocations
  5165 | D:6      | Learned a level 2 spell: Passwall
  5196 | D:7      | Reached *** piety under Cheibriados
  5278 | D:7      | Found Laimpix's Armour Shoppe.
  5327 | D:7      | Found a staircase to the Ecumenical Temple.
  5586 | D:7      | Reached skill level 1 in Transmutations
  5893 | D:7      | Found Syigog's Antique Weapon Boutique.
  6002 | D:7      | Found Oqooxaha's Weapon Shoppe.
  6060 | D:7      | Found Xapneupn's Assorted Antiques.
  6070 | D:7      | Bought a scroll of identify for 50 gold pieces
  6070 | D:7      | Bought a scroll of identify for 50 gold pieces
  6070 | D:7      | Bought a potion of curing for 75 gold pieces
  6070 | D:7      | Bought a potion of curing for 75 gold pieces
  6070 | D:7      | Bought a scroll labelled MEALOA MASSI for 25 gold pieces
  6070 | D:7      | Bought a fuming dark potion for 22 gold pieces
  6096 | D:7      | Found Onkuh's Magic Scroll Boutique.
  6136 | D:7      | Reached skill level 1 in Earth Magic
  6159 | D:7      | Found a broken altar of Ashenzari.
  6253 | D:7      | Found a runed translucent door.
  6254 | D:7      | Noticed gruber's ghost (novice TrSh)
  6714 | D:8      | Reached **** piety under Cheibriados
  6939 | D:8      | Reached XP level 10. HP: 102/106 MP: 17/17
  6948 | D:8      | Reached skill level 9 in Fighting
  6948 | D:8      | Reached skill level 5 in Dodging
  7320 | D:8      | Learned a level 2 spell: Blink
  7324 | D:8      | Learned a level 3 spell: Stone Arrow
  8007 | D:9      | Slain by an orc warrior

Illustrated notes

Levels and vault maps discovered:
D:1:      erik_arrival_triangle_small, layout_basic, serial_bayou,
          serial_bayou_shore_a, serial_bayou_ford_a, serial_bayou_pond_c,
          serial_bayou_crossing, minmay_heptomino_h4
D:2:      layout_loops_ring, basic_altar, minmay_statues_item
D:3:      layout_loops_corners, dancing_weapons_uskayaw, lemuel_round_altar,
          mainiacjoe_overflow_paths, uniq_natasha, uniq_robin, uniq_jessica
D:4:      layout_loops_corners
D:5:      layout_basic, amcnicky_mini_rare_corridor_liquid,
          chequers_serial_rivers_micro_c, hellmonk_no_cap
D:6:      layout_basic, serial_bayou_pond_e, chequers_serial_rivers_micro_d
D:7:      layout_loops_cross, lemuel_coloured_pillars_altar, temple_fountains,
          serial_shops, shop, nicolae_lakefront_shop,
          nicolae_shop_bloodbath_and_beyond, shop, shop, gammafunk_ghost_grave
D:8:      layout_basic, lightli_minifort
D:9:      layout_rooms, mainiacjoe_overflow_alcove_2,
          mainiacjoe_overflow_large_starburst, hellmonk_lair_entry_icy,
          kennysheep_generic_room_7

Skill      XL: |  1  2  3  4  5  6  7  8  9 10 |
---------------+-------------------------------+-----
Fighting       | 3 4 5 7 8 9 |  9.5
Dodging        | 3 4 5 |  5.3
Spellcasting   | 1 3 4 5 |  5.0
Unarmed Combat | 1 2 3 5 6 |  6.1
Invocations    | 4 6 |  6.0
Transmutations | 3 4 |  4.8
Earth Magic    | 2 3 |  3.1
Axes           | |  3.7
Throwing       | |  2.0

Action                     |  1- 3 |  4- 6 |  7- 9 | 10-12 || total
---------------------------+-------+-------+-------+-------++-------
  Melee: Hand axe          |    62 |   113 |       |       ||   175
         War axe           |     5 |    27 |   285 |   103 ||   420
         Punch             |       |     2 |     9 |     4 ||    15
         Unarmed           |       |       |    34 |       ||    34
  Throw: Throwing net      |       |     1 |       |       ||     1
  Evoke: Wand              |       |       |       |     2 ||     2
    Use: Potion            |       |     2 |     2 |     2 ||     6
         Scroll            |       |     3 |    10 |       ||    13
   Stab: Sleeping          |       |       |     1 |       ||     1
         Invisible         |       |       |     7 |       ||     7
 Armour: Robe              |    17 |    27 |    67 |       ||   111
         Steam dragon scal |       |       |    69 |    42 ||   111
  Dodge: Dodged            |    47 |    71 |   315 |   120 ||   553
  Block: Other             |     3 |    35 |   104 |    44 ||   186
         Reflection        |     2 |     1 |     5 |     1 ||     9

Table legend: (Time is in decaauts)
 A = Elapsed time spent in this place.
 B = Non-inter-level travel time spent in this place.
 C = Inter-level travel time spent in this place.
 D = Time resting spent in this place.
 E = Time spent auto-exploring this place.
 F = Levels seen in this place.
 G = Mean time per level.
                   A        B        C        D        E       F      G
               +--------+--------+--------+--------+--------+-----+--------+
         Total |  10465 |  10018 |    447 |   1508 |   6758 |   9 | 1162.8 |
       Dungeon |  10465 |  10018 |    447 |   1508 |   6758 |   9 | 1162.8 |
               +--------+--------+--------+--------+--------+-----+--------+

Top non-repeatable levels by time:
     D:8: 1942 daAuts
     D:7: 1871 daAuts
     D:5: 1489 daAuts
     D:3: 1317 daAuts
     D:6: 1231 daAuts
     D:4: 1213 daAuts
     D:1: 671 daAuts
     D:2: 588 daAuts
     D:9: 139 daAuts
